 Dungeon Crawl Stone Soup version 0.27.1-34-g3ba077fa99 (webtiles) character file.

Game seed: 14411431627207021659

21345 zeram the Eclecticist (level 12, -1/59 HPs)
             Began as a Deep Elf Conjurer on Jan 1, 2022.
             Was an Initiate of Gozag.
             Slain by a hellwing (5 damage)
             ... summoned by an orc high priest
             ... on level 1 of the Orcish Mines.
             The game lasted 00:50:27 (18203 turns).

zeram the Eclecticist (Deep Elf Conjurer)          Turns: 18203, Time: 00:50:28

Health: -1/59      AC: 11    Str:  4    XL:     12   Next: 53%
Magic:  39/42      EV: 13    Int: 29    God:    Gozag
Gold:   1580       SH:  0    Dex: 13    Spells: 30/41 levels left

rFire    . . .     SeeInvis .   g - +6 demon blade (flame)
rCold    + . .     Faith    .   C - +1 buckler
rNeg     . . .     Spirit   .   A - +2 robe {rC+}
rPois    .         Reflect  .   d - +2 helmet
rElec    .         Harm     .   v - +0 cloak
rCorr    .         Rampage  .   k - +2 pair of gloves
Will     +....                  (no boots)
Stlth    ++........             (no amulet)
HPRegen  0.19/turn              i - +4 ring of evasion
MPRegen  0.28/turn              h - ring of magical power

@: about to teleport, marked, gold aura, held
A: no striking features
a: Renounce Religion, Potion Petition, Call Merchant, Bribe Branch


You were on level 1 of the Orcish Mines.
You worshipped Gozag.
Gozag was most pleased with you.
You visited 4 branches of the dungeon, and saw 15 of its levels.

You collected 2313 gold pieces.
You spent 112 gold pieces at shops.
You paid 621 gold pieces to Gozag.

Inventory:

Hand Weapons
 b - a +2 short sword of flaming
 g - a +6 demon blade of flaming (weapon)
Missiles
 F - a throwing net
Armour
 a - a +1 robe
 d - a +2 helmet (worn)
 k - a +2 pair of gloves (worn)
 v - a +0 cloak (worn)
 A - a +2 robe of cold resistance (worn)
 C - a +1 buckler (worn)
Jewellery
 h - a ring of magical power (right hand)
 i - a +4 ring of evasion (left hand)
 l - a ring of willpower
 s - a ring of poison resistance
 t - a ring of ice
 u - a ring of fire
 y - a +6 ring of strength
Wands
 p - a wand of mindburst (10)
 x - a wand of digging (6)
 D - a wand of flame (44)
 E - a wand of iceblast (16)
 G - a wand of acid (7)
Scrolls
 r - a scroll of brand weapon
 w - 2 scrolls of amnesia
Potions
 c - a potion of flight
 e - 2 potions of magic
 f - 2 potions of curing
 m - 2 potions of mutation
 n - a potion of ambrosia
 o - a potion of haste
 q - a potion of cancellation
 z - 3 potions of might
 B - 2 potions of attraction


   Skills:
 + Level 4.0 Long Blades
 + Level 11.0 Dodging
 - Level 2.4 Stealth
 - Level 4.8 Shields
 + Level 15.1 Spellcasting
 + Level 12.3 Conjurations
 + Level 7.4 Summonings


You had 30 spell levels left.
You knew the following spells:

 Your Spells              Type           Power      Damage    Failure   Level
a - Magic Dart            Conj           100%       1d8       0%          1
b - Searing Ray           Conj           100%       3d7       1%          2
c - Dazzling Flash        Conj/Hex       100%       N/A       1%          3
d - Call Imp              Summ           60%        N/A       1%          2
e - Vampiric Draining     Necr           11%        2d7       7%          3

Your spell library contained the following spells:

 Spells                   Type           Power      Damage    Failure   Level
 Static Discharge         Conj/Air       55%        N/A       1%          2
 Mephitic Cloud           Conj/Pois/Air  45%        N/A       1%          3
 Fulminant Prism          Conj/Hex       27%        3d14      1%          4
 Hailstorm                Conj/Ice       55%        3d12      1%          4
 Iskenderun's Mystic Bla  Conj/Tloc      55%        2d12      1%          4
 Freeze                   Ice            88%        1d10      2%          1
 Slow                     Hex            22%        N/A       3%          2
 Lightning Bolt           Conj/Air       27%        1d44      4%          5
 Confusing Touch          Hex            22%        N/A       7%          3
 Frozen Ramparts          Ice            44%        1d6       7%          3
 Portal Projectile        Hex/Tloc       44%        N/A       7%          3
 Bolt of Magma            Conj/Fire/Erth 22%        4d11      11%         5
 Leda's Liquefaction      Hex/Erth       11%        N/A       22%         4
 Blade Hands              Tmut           11%        N/A       52%         5
 Excruciating Wounds      Necr           11%        N/A       52%         5
 Yara's Violent Unravell  Hex/Tmut       11%        3d6       52%         5
 Statue Form              Tmut/Erth      14%        N/A       98%         6
 Maxwell's Capacitive Co  Air            11%        ∞         100%        8


Dungeon Overview and Level Annotations

Branches:
Dungeon (12/15)            Temple (1/1) D:7            Lair (1/6) D:9
    Orc (1/2) D:12

Altars:
Ashenzari
Cheibriados
Dithmenos
Elyvilon
Fedhas
Gozag
Hepliaklqana
Kikubaaqudgha
Makhleb
Nemelex Xobeh
Okawaru
Qazlal
Ru
Sif Muna
Trog
Uskayaw
Vehumet
Wu Jian
Xom
Yredelemnul
Zin
The Shining One

Shops:
D:12 *

Annotations:
Orc:1 Harold


Message History

The orc priest calls down the wrath of Beogh upon you.
Pain shoots through your body!
The warg howls!
You rip the net and break free!
The orc warrior shouts!
Harold throws a throwing net.
The throwing net hits you.
You become entangled in the net!
The orc warrior barely misses you. The orc barely misses you.
You riposte.
You hit the orc. You burn the orc.
You kill the orc!
The orc priest misses you.
An orc comes into view. It is wielding a +0 trident.
An orc comes into view. It is wielding a +0 dagger.
Harold hits you from afar with a +0 trident of pain!!
You writhe in agony.
Unknown command.
As you read the scroll of teleportation, it crumbles to dust.
You feel strangely unstable.
The warg is no longer distracted by gold.
The warg is distracted by your dazzling golden aura.
Harold hits you from afar with a +0 trident of pain.
You writhe in agony.
* * * LOW HITPOINT WARNING * * *
The orc warrior hits you with a +0 mace!
* * * LOW HITPOINT WARNING * * *
The orc priest hits you from afar with a +0 trident.
* * * LOW HITPOINT WARNING * * *
The orc is distracted by your dazzling golden aura.
The orc warrior is distracted by your dazzling golden aura.
The orc priest closely misses you. The orc wizard barely misses you.
You riposte.
The warg howls!
The orc warrior shouts!
The orc shouts!
You slash the orc wizard! You burn the orc wizard.
The orc wizard is almost dead.
The hellwing swoops through the air toward you!
The hellwing completely misses you.
You riposte.
You hit the hellwing. You burn the hellwing.
The hellwing is lightly wounded.
The hellwing hits you.
You die...
Your body crumbles into a pile of gold.

.......$......
$ ..........o..
. ............
.. $
..........$#...
$ .......ho....
......3oo.$$
......oh4##
$#....@o@o.#
.o..o.o.4......
...............
........$......
.o.........#...
o.o...#.#...
#.$
............. $
...#.#..##....


You could see Harold (fast), an orc high priest, a hellwing (summoned), a smoke
demon (summoned), a chaos spawn (summoned), 2 wargs, 4 orc warriors, 2 orc
priests, an orc wizard and 5 orcs.

Vanquished Creatures
  A hydra (Lair:1)
  Erolcha (D:11)
  The ghost of zeram the Covert, a novice GnBr of Gozag (D:7)
  A tengu warrior (D:11)
  Urug (D:11)
  Nergalle (D:11)
  The ghost of zeram the Nimble, a novice SpFi of Dithmenos (D:6)
  2 manticores
  Joseph (D:9)
  3 kobold demonologists (D:9)
  2 komodo dragons
  5 trolls
  3 meliai (D:10)
  A hornet (D:9)
  3 slime creatures (D:7)
  3 blink frogs (Lair:1)
  Sigmund (D:6)
  4 shadows
  Eustachio (D:5)
  7 wraiths
  13 yaks
  A wyvern (Lair:1)
  A steam dragon (D:7)
  3 water moccasins
  A sky beast (D:3)
  2 black bears (D:9)
  A necrophage (D:4)
  Duvessa (D:4)
  8 orc warriors
  7 ice beasts (D:6)
  5 wolves (Lair:1)
  4 ogres
  3 centaurs
  2 phantoms
  5 kobold brigands
  3 bullfrogs
  2 gnoll sergeants
  2 scorpions
  Dowan (D:4)
  A hornet simulacrum (D:6)
  A wyvern skeleton (D:6)
  A troll zombie (D:12)
  A howler monkey (D:12)
  7 jellies
  5 orc priests
  Crazy Yiuf (D:3)
  7 centaur zombies
  3 iguanas
  Ijyb (D:5)
  8 orc wizards
  A killer bee zombie (D:7)
  4 ogre zombies (D:12)
  2 centaur simulacra (D:6)
  A hound skeleton (D:4)
  A mummy (D:4)
  A killer bee simulacrum (D:6)
  Robin (D:2)
  3 howler monkey zombies
  11 gnolls
  A howler monkey skeleton (D:7)
  4 adders
  A river rat (D:5)
  A shadow imp (D:6)
  A white imp (D:6)
  An ufetubus (D:6)
  An adder skeleton (D:4)
  3 worms
  The ghost of doobhtoobh the Sneak, a weakling DsDe (D:5)
  58 orcs
  2 ball pythons
  5 bats
  9 endoplasms
  A giant cockroach (D:3)
  13 goblins
  12 hobgoblins
  4 jackals (D:2)
  4 quokkas
  3 frilled lizards (D:2)
  A goblin skeleton (D:12)
  6 goblin zombies (D:12)
  A hobgoblin skeleton (D:12)
  17 kobolds
  8 orc zombies (D:12)
  22 rats
349 creatures vanquished.

Vanquished Creatures (collateral kills)
  A boulder beetle (D:11)
  A blink frog (Lair:1)
  A yak (D:8)
  A gnoll sergeant (D:8)
  An orc priest (D:10)
  An orc wizard (D:10)
6 creatures vanquished.

Vanquished Creatures (others)
  41 fungi
  57 plants
  7 toadstools (D:7)
105 creatures vanquished.

Grand Total: 460 creatures vanquished

Notes
Turn   | Place    | Note
-------+----------+-------------------------------------------
     0 | D:1      | zeram the Deep Elf Conjurer began the quest for the Orb.
     0 | D:1      | Reached XP level 1. HP: 10/10 MP: 6/6
   285 | D:1      | Reached XP level 2. HP: 15/15 MP: 8/8
   475 | D:1      | Reached skill level 5 in Conjurations
   482 | D:1      | Learned a level 2 spell: Searing Ray
   697 | D:1      | Found a faded altar of an unknown god.
   944 | D:2      | Reached XP level 3. HP: 19/19 MP: 5/10
   944 | D:2      | Noticed Robin
  1098 | D:1      | Learned a level 3 spell: Dazzling Flash
  1133 | D:2      | Killed Robin
  1134 | D:2      | Reached skill level 4 in Spellcasting
  1236 | D:2      | Reached XP level 4. HP: 24/24 MP: 6/12
  2149 | D:3      | You fall into a shaft and drop 1 floor!
  2169 | D:4      | Noticed an ogre
  2181 | D:4      | Killed an ogre
  2182 | D:4      | Reached XP level 5. HP: 28/28 MP: 1/14
  2184 | D:4      | You fall into a shaft and drop 2 floors!
  2184 | D:6      | Noticed an ice beast
  2228 | D:6      | Noticed a phantom
  2246 | D:6      | Reached skill level 5 in Spellcasting
  2247 | D:6      | Killed a phantom
  2248 | D:6      | Reached XP level 6. HP: 15/32 MP: 8/16
  2667 | D:6      | Noticed an ice beast
  2679 | D:6      | Found a runed translucent gate.
  2679 | D:6      | Found a runed translucent gate.
  2679 | D:6      | Found a runed translucent gate.
  2698 | D:6      | Killed an ice beast
  2699 | D:6      | Reached skill level 6 in Spellcasting
  2835 | D:6      | Noticed an orc warrior
  2842 | D:6      | Killed an orc warrior
  2843 | D:6      | Reached XP level 7. HP: 27/36 MP: 9/18
  3163 | D:6      | Noticed Sigmund
  3181 | D:6      | Killed Sigmund
  3182 | D:6      | Reached skill level 7 in Spellcasting
  3960 | D:6      | Noticed zeram's ghost (novice SpFi)
  4165 | D:5      | Entered Level 5 of the Dungeon
  4174 | D:6      | Reached XP level 8. HP: 3/41 MP: 21/21
  4486 | D:5      | Reached skill level 5 in Dodging
  4486 | D:5      | Reached skill level 8 in Spellcasting
  4546 | D:5      | Found a runed translucent door.
  4595 | D:5      | Noticed doobhtoobh's ghost (weakling DsDe)
  4639 | D:5      | Found a hide-covered altar of Uskayaw.
  4739 | D:5      | Noticed Eustachio
  4749 | D:5      | Killed Eustachio
  4750 | D:5      | Found a runed translucent door.
  4994 | D:5      | Noticed Ijyb
  5027 | D:5      | Killed Ijyb
  5212 | D:4      | Noticed Duvessa
  5212 | D:4      | Noticed Dowan
  5216 | D:4      | Killed Duvessa
  5217 | D:4      | Killed Dowan
  5218 | D:4      | Reached skill level 9 in Spellcasting
  5833 | D:4      | Learned a level 2 spell: Call Imp
  5965 | D:4      | Found a shimmering blue altar of Sif Muna.
  6102 | D:4      | Found a broken altar of Ashenzari.
  6107 | D:4      | Found a blossoming altar of Fedhas.
  6260 | D:4      | Learned a level 3 spell: Vampiric Draining
  7215 | D:3      | Found a runed translucent door.
  7216 | D:3      | Noticed Crazy Yiuf
  7510 | D:3      | Killed Crazy Yiuf
  7511 | D:3      | Reached XP level 9. HP: 45/45 MP: 24/24
  7668 | D:5      | Killed doobhtoobh's ghost
  7899 | D:6      | Reached skill level 10 in Spellcasting
  7923 | D:6      | Reached skill level 1 in Summonings
  7995 | D:6      | Killed zeram's ghost
  7996 | D:6      | Reached skill level 10 in Conjurations
  8581 | D:7      | Reached skill level 11 in Spellcasting
  8671 | D:7      | Found a staircase to the Ecumenical Temple.
  8751 | Temple   | Entered the Ecumenical Temple
  8894 | Temple   | Became a worshipper of Gozag Ym Sagoz the Greedy
  9517 | D:7      | Reached XP level 10. HP: 43/50 MP: 24/27
  9780 | D:8      | Found a runed translucent gate.
  9781 | D:8      | Found a runed translucent gate.
  9782 | D:8      | Found a runed translucent gate.
  9865 | D:8      | Reached skill level 12 in Spellcasting
 10186 | D:8      | Found a hazy altar of Hepliaklqana.
 10685 | D:8      | Noticed zeram's ghost (novice GnBr)
 10735 | D:7      | Reached skill level 5 in Summonings
 10972 | D:7      | Killed zeram's ghost
 11107 | D:8      | Reached skill level 13 in Spellcasting
 11452 | D:9      | Reached skill level 1 in Shields
 11891 | D:9      | Reached XP level 11. HP: 48/54 MP: 22/30
 12032 | D:9      | Found a staircase to the Lair.
 12149 | D:9      | Noticed Joseph
 12158 | D:9      | Killed Joseph
 12366 | D:9      | Found a bloodstained altar of Trog.
 12995 | Lair:1   | Entered Level 1 of the Lair of Beasts
 13361 | Lair:1   | Reached skill level 1 in Long Blades
 13435 | Lair:1   | Noticed a six-headed hydra
 13448 | Lair:1   | Killed a six-headed hydra
 13739 | D:10     | Entered Level 10 of the Dungeon
 14175 | D:10     | Reached skill level 14 in Spellcasting
 14582 | D:10     | Found a snail-covered altar of Cheibriados.
 15237 | D:11     | Reached skill level 10 in Dodging
 15237 | D:11     | Reached XP level 12. HP: 52/59 MP: 31/32
 15289 | D:11     | Noticed Nergalle
 15305 | D:11     | Killed Nergalle
 15704 | D:11     | Noticed a tengu warrior
 15721 | D:11     | Killed a tengu warrior
 16013 | D:11     | Noticed Erolcha
 16030 | D:11     | Killed Erolcha
 16139 | D:11     | Noticed a boulder beetle
 16139 | D:11     | Noticed Urug
 16535 | D:11     | Killed Urug
 16946 | D:11     | Killed a boulder beetle
 16947 | D:11     | Reached skill level 15 in Spellcasting
 17275 | D:12     | Bought a scroll of enchant armour for 112 gold pieces
 17648 | D:12     | Found a staircase to the Orcish Mines.
 17916 | D:12     | Noticed a five-headed hydra
 18194 | Orc:1    | Entered Level 1 of the Orcish Mines
 18194 | Orc:1    | Noticed Harold
 18195 | Orc:1    | Noticed an orc high priest
 18203 | Orc:1    | Slain by a hellwing

Illustrated notes

Levels and vault maps discovered:
D:1:      dpeg_arrival_another_circle, layout_rooms,
          chequers_ecumenical_altar_simple_redux
D:2:      layout_basic, uniq_robin
D:3:      layout_basic, minmay_rat_hole, uniq_crazy_yiuf_cottage
D:4:      layout_gridville, amethyst_overflow_temple_binary,
          kennysheep_little_box, portal_sewer_entry_e,
          gup_ossuary_entry_pyramid, uniq_duvessa
D:5:      layout_rooms, mainiacjoe_overflow_concentric_impassable,
          ebering_ghost_sewer_f, uniq_ijyb, uniq_eustachio
D:6:      layout_layer_cave, gammafunk_ghost_icy, chequers_serial_rivers_room_b,
          uniq_sigmund
D:7:      cheibrodos_fertilizer, layout_loops_ring, minmay_temple_entry_trees
D:8:      layout_rooms, nicolae_overflow_hidden_temple,
          gammafunk_ghost_spectres, chequers_serial_rivers_micro_b
D:9:      layout_roguey [special_room_orc], lemuel_tele_altar,
          due_lair_maze_entry_diamond, uniq_joseph
D:10:     layout_cave_pools, amcnicky_altar_gilded
D:11:     layout_cave_pools, uniq_erolcha, uniq_nergalle, uniq_urug
D:12:     layout_roguey, zombieorc1_lemuel
Temple:   regret_index_temple_waves
Lair:1:   layout_cellular_growth, serial_bayou_pond_d
Orc:1:    layout_caves, uniq_harold

Skill      XL: |  1  2  3  4  5  6  7  8  9 10 11 12 |
---------------+-------------------------------------+-----
Conjurations   | 5 6 7 8 9 10 11 12 | 12.3
Spellcasting   | 4 5 6 7 9 11 13 14 15 | 15.1
Dodging        | 3 4 6 7 8 10 11 | 11.0
Summonings     | 3 5 6 7 |  7.4
Shields        | 3 4 |  4.8
Long Blades    | 3 4 |  4.0
Stealth        | |  2.4

Action                   |  1- 3 |  4- 6 |  7- 9 | 10-12 || total
-------------------------+-------+-------+-------+-------++-------
Melee: Short sword       |     6 |    24 |       |       ||    30
       Unarmed           |     1 |       |       |       ||     1
       Demon blade       |       |       |    83 |   134 ||   217
 Cast: Magic Dart        |    51 |     8 |    64 |    83 ||   206
       Searing Ray       |     6 |    14 |    63 |   137 ||   220
       Call Imp          |       |       |       |    39 ||    39
Invok: Call Merchant     |       |       |       |     1 ||     1
  Use: Scroll            |     4 |     3 |     9 |    15 ||    31
       Potion            |       |     4 |     1 |     8 ||    13
 Stab: Sleeping          |     1 |     4 |     3 |     2 ||    10
       Distracted        |       |       |       |     3 ||     3
Armor: Robe              |    15 |    15 |    43 |   109 ||   182
       Skin              |       |     9 |       |       ||     9
Dodge: Dodged            |    13 |    30 |   114 |   411 ||   568
Block: Buckler           |       |       |       |    94 ||    94
       Rpst.: Demon blade |       |       |    32 |    88 ||   120
